Map: Newkirk Precinct TE (Void)

Players

Nerchio

  • Race: Zerg Zerg
  • Spawn Location: 7:00

Stats - Winner!

  • Race: Protoss Protoss
  • Spawn Location: 5:00

Event: IEM XI Katowice - World Championship 2017

VOD

https://www.youtube.com/watch?v=JkvzRJIwK7c&t=1365s

Description

Time

  • Played on: March 4, 2017, 9:10 a.m.
  • Length: 23:11

All games in this series

Show
View Real Time Build Order
Export as new Build Order

Nerchio Zerg 

Build Orders: Hatch First 

Get SALT Encoding   

  12  0:00  Drone  
  13  0:13  Overlord  
  13  0:18  Drone  
  14  0:31  Drone x2  
  14  0:35  Drone  
  17  0:53  Hatchery  
  17  0:56  Drone  
  17  0:59  Drone  
  18  1:14  Extractor  
  18  1:15  Spawning Pool  
  16  1:19  Drone  
  16  1:22  Drone  
  18  1:28  Drone  
  19  1:38  Overlord  
  19  1:49  Drone  
  20  2:01  Queen  
  20  2:02  Zergling x2  
  20  2:04  Queen  
  20  2:06  Zergling x2  
  26  2:13  Metabolic Boost  
  26  2:17  Drone  
  26  2:19  Drone  
  28  2:23  Drone  
  28  2:26  Drone  
  30  2:33  Drone  
  31  2:48  Hatchery  
  31  2:50  Drone x2  
  32  2:57  Queen  
  34  3:02  Overlord  
  34  3:05  Drone  
  35  3:06  Drone  
  36  3:20  Drone x6  
  36  3:24  Overlord  
  36  3:26  Drone  
  43  3:28  Drone  
  44  3:36  Roach Warren, Drone  
  44  3:46  Spore Crawler, Drone x3  
  47  3:48  Drone  
  47  3:53  Lair, Extractor  
  47  3:55  Drone  
  47  3:57  Drone  
  47  4:00  Overlord  
  48  4:08  Drone  
  49  4:11  Overlord  
  49  4:18  Roach x3  
  49  4:21  Roach  
  56  4:26  Roach  
  56  4:28  Zergling x8  
  56  4:29  Overlord  
  62  4:32  Roach  
  64  4:39  Roach x2  
  64  4:42  Extractor  
  64  4:43  Overlord  
  64  4:44  Zergling x2  
  64  4:45  Zergling x2  
  69  4:48  Overlord  
  69  4:49  Drone  
  69  4:52  Drone x2  
  72  4:55  Drone x2  
  72  4:57  Drone  
  75  5:01  Glial Reconstitution  
  75  5:02  Drone  
  75  5:04  Drone  
  75  5:06  Drone  
  75  5:07  Drone  
  79  5:10  Drone x2  
  79  5:12  Drone  
  81  5:16  Drone x2  
  83  5:21  Evolution Chamber  
  83  5:23  Drone x2  
  84  5:30  Roach x2  
  84  5:31  Roach  
  84  5:33  Roach x2  
  94  5:38  Overlord  
  94  5:41  Roach  
  94  5:42  Overlord  
  96  5:46  Overlord  
  96  5:49  Drone x2  
  97  5:51  Zerg Melee Weapons Level 1, Overlord  
  97  5:53  Overlord  
  97  5:56  Overlord  
  97  5:59  Overlord  
  97  6:01  Drone x2  
  97  6:02  Extractor  
  98  6:05  Roach, Extractor  
  98  6:08  Overseer  
  98  6:09  Roach  
  98  6:10  Roach  
  103  6:15  Ravager x3  
  106  6:20  Drone x3  
  106  6:23  Roach x2  
  106  6:25  Drone x5  
  118  6:29  Extractor  
  117  6:33  Drone x2  
  117  6:35  Overlord  
  117  6:42  Drone x5  
  117  6:43  Drone, Baneling Nest  
  119  6:53  Roach  
  121  6:54  Roach  
  121  6:57  Roach  
  121  6:58  Hatchery, Roach  
  121  7:00  Roach  
  121  7:01  Ravager x3  
  128  7:02  Ravager  
  128  7:07  Roach  
  128  7:08  Roach  
  136  7:13  Ravager x2  
  134  7:20  Zergling x2  
  134  7:21  Zergling x14, Hatchery  
  134  7:22  Spore Crawler  
  138  7:24  Ravager x3  
  141  7:32  Drone x8  
  141  7:36  Centrifical Hooks  
  149  7:39  Drone x2  
  149  7:43  Overlord x2  
  151  7:45  Overlord  
  151  7:48  Overlord  
  151  8:09  Zerg Melee Weapons Level 2, Extractor  
  151  8:10  Zergling x10  
  151  8:13  Infestation Pit  
  151  8:18  Zergling x10  
  151  8:19  Overlord  
  153  8:21  Drone x3  
  156  8:27  Drone  
  156  8:28  Overlord  
  156  8:30  Roach  
  156  8:31  Roach x4  
  164  8:41  Ravager x2  
  164  8:45  Drone x4  
  164  8:47  Drone x3  
  170  8:49  Overlord  
  170  9:00  Spore Crawler  
  170  9:01  Hive  
  169  9:03  Infestor x2  
  169  9:05  Spire  
  169  9:07  Zergling x2  
  169  9:08  Zergling x14  
  165  9:10  Extractor  
  165  9:14  Zergling x6  
  167  9:17  Zergling x2  
  167  9:18  Zergling x8  
  167  9:23  Baneling x12  
  172  9:29  Zergling x8  
  176  9:33  Zergling x4  
  176  9:35  Baneling x5  
  176  9:36  Spore Crawler, Zergling x2  
  178  9:42  Zergling x12  
  184  9:46  Neural Parasite  
  184  9:51  Overlord  
  184  9:55  Queen  
  183  10:10  Baneling x4  
  183  10:14  Zergling x18, Baneling x3  
  183  10:15  Zergling x10  
  197  10:26  Zergling x12  
  197  10:28  Baneling x11  
  187  10:32  Zergling x2  
  163  10:37  Baneling  
  163  10:38  Zergling x12  
  165  10:46  Zergling x4  
  165  10:47  Zergling x2  
  165  10:48  Baneling  
  165  10:49  Ravager x3  
  148  10:50  Ravager x3  
  148  10:51  Baneling x7  
  148  10:52  Baneling  
  148  10:53  Queen, Roach  
  148  10:56  Baneling x10  
  148  10:57  Roach x2, Baneling x5  
  146  11:01  Baneling  
  146  11:02  Roach x2, Baneling x2  
  154  11:07  Roach  
  154  11:10  Roach x2  
  150  11:11  Roach  
  150  11:12  Roach  
  150  11:15  Roach x2  
  149  11:19  Roach x2  
  149  11:20  Roach  
  149  11:24  Roach  
  149  11:25  Ravager x2  
  158  11:28  Roach x3  
  158  11:29  Zergling x2  
  166  11:33  Adrenal Glands  
  166  11:35  Roach x2  
  166  11:37  Ravager  
  166  11:38  Ravager x5  
  166  11:39  Zergling x2  
  177  11:40  Zergling x2  
  177  11:41  Zergling x2  
  177  11:42  Zergling x2  
  180  11:48  Greater Spire  
  180  11:51  Baneling x4  
  180  11:58  Corruptor  
  178  12:02  Corruptor  
  178  12:05  Corruptor  
  178  12:07  Zergling x6  
  178  12:08  Zergling x6  
  188  12:13  Zergling x8  
  192  12:15  Baneling  
  192  12:16  Baneling x9  
  191  12:28  Zerg Melee Weapons Level 3  
  191  12:33  Baneling x6  
  191  12:34  Zergling x4  
  193  12:38  Hatchery  
  193  12:43  Extractor  
  185  12:58  Zergling x4  
  185  12:59  Baneling x11  
  185  13:04  Brood Lord  
  185  13:05  Brood Lord  
  187  13:06  Brood Lord  
  187  13:12  Drone x3  
  192  13:13  Overlord  
  192  13:15  Extractor  
  192  13:17  Corruptor x2  
  192  13:19  Corruptor  
  195  13:24  Spine Crawler  
  195  13:25  Spine Crawler  
  195  13:26  Spore Crawler  
  194  13:27  Baneling  
  193  13:37  Corruptor x2  
  195  13:42  Corruptor  
  195  13:47  Corruptor  
  196  14:02  Corruptor  
  196  14:10  Corruptor x3  
  200  14:24  Zerg Flyer Armor Level 1  
  199  14:33  Corruptor  
  198  14:40  Drone x2  
  198  14:55  Brood Lord x3, Hatchery  
  201  15:00  Hatchery  
  201  15:03  Hatchery  
  197  15:11  Zerg Ground Armor Level 1  
  197  15:15  Ultralisk Cavern  
  197  15:19  Corruptor  
  198  15:24  Corruptor  
  198  15:30  Corruptor  
  198  15:31  Corruptor  
  198  15:49  Corruptor x3  
  194  15:54  Corruptor  
  194  15:55  Hatchery, Extractor  
  198  16:01  Drone  
  199  16:08  Overseer x2  
  199  16:10  Spore Crawler  
  198  16:12  Spore Crawler x4  
  198  16:13  Spore Crawler  
  198  16:18  Zerg Flyer Weapons Level 1  
  193  16:21  Chitinous Plating  
  193  16:26  Overseer x2, Pneumatized Carapace  
  193  16:28  Infestor x3  
  199  16:50  Spore Crawler  
  199  16:51  Spore Crawler  
  194  16:58  Infestor x2  
  196  17:05  Infestor  
  196  17:07  Burrow  
  198  17:19  Overseer  
  198  17:25  Corruptor  
  198  17:55  Corruptor  
  200  18:03  Corruptor  
  200  18:04  Corruptor  
  199  18:06  Corruptor  
  199  18:07  Corruptor x2  
  199  18:20  Overseer x2  
  195  18:41  Hatchery  
  195  18:42  Spore Crawler x3  
  188  18:56  Corruptor x3  
  194  19:06  Overlord x3  
  194  19:07  Hatchery  
  191  19:19  Zerg Flyer Armor Level 2  
  191  19:30  Infestor x2, Extractor  
  195  19:38  Drone x4  
  196  19:46  Infestor x4  
  189  20:13  Corruptor  
  188  20:30  Corruptor  
  188  20:31  Drone x3  
  191  20:58  Extractor  
  191  21:00  Hatchery  
  191  21:03  Corruptor  
  187  21:05  Extractor  
  180  21:15  Corruptor  
  133  21:20  Zergling x2  
  133  21:21  Zergling x20  
  138  21:30  Zergling x2  
  139  21:41  Drone x2  
  139  21:42  Spawning Pool  
  137  21:47  Corruptor  
  137  21:48  Corruptor  
  137  21:49  Drone x2  
  137  21:50  Drone x3  
  140  21:55  Drone x2  
  142  22:03  Drone x2  
  142  22:04  Drone x2  
  142  22:08  Drone  
  136  22:20  Drone x3  
  138  22:41  Infestation Pit  
  143  22:55  Hatchery  
Show
View Real Time Build Order
Export as new Build Order

Stats Protoss - Winner!

Build Orders: 1 Gate Expand, Zealot Archon 

Get SALT Encoding   

  12  0:00  Probe (Chrono Boost)  
  13  0:11  Probe (Chrono Boost)  
  14  0:18  Pylon  
  14  0:23  Probe (Chrono Boost)  
  15  0:36  Probe (Chrono Boost)  
  15  0:40  Gateway  
  16  0:47  Probe (Chrono Boost)  
  16  0:49  Assimilator  
  17  0:57  Probe (Chrono Boost)  
  18  1:08  Probe (Chrono Boost)  
  20  1:18  Probe (Chrono Boost)  
  20  1:27  Nexus  
  20  1:37  Cybernetics Core  
  20  1:39  Probe (Chrono Boost)  
  21  1:44  Assimilator  
  21  1:50  Probe (Chrono Boost)  
  22  1:55  Pylon  
  22  2:00  Probe (Chrono Boost)  
  23  2:10  Adept  
  23  2:13  Warp Gate  
  23  2:14  Probe (Chrono Boost)  
  26  2:26  Probe (Chrono Boost)  
  26  2:27  Twilight Council  
  27  2:35  Adept  
  27  2:39  Probe x2 (Chrono Boost)  
  31  2:50  Resonating Glaives, Probe x2 (Chrono Boost)  
  33  3:00  Probe (Chrono Boost)  
  33  3:01  Probe (Chrono Boost)  
  33  3:02  Adept  
  37  3:11  Probe (Chrono Boost)  
  39  3:13  Probe (Chrono Boost)  
  39  3:16  Gateway  
  39  3:20  Gateway  
  39  3:22  Probe (Chrono Boost)  
  39  3:26  Probe (Chrono Boost)  
  41  3:30  Adept  
  43  3:35  Pylon  
  43  3:36  Probe (Chrono Boost)  
  43  3:38  Probe (Chrono Boost)  
  45  3:42  Pylon  
  45  3:47  Probe (Chrono Boost)  
  46  3:52  Robotics Facility  
  46  3:55  Probe (Chrono Boost)  
  47  3:57  Probe (Chrono Boost)  
  47  4:02  Assimilator x2  
  48  4:08  Probe x2 (Chrono Boost)  
  50  4:12  Pylon  
  50  4:16  Adept  
  52  4:17  Adept  
  52  4:19  Probe (Chrono Boost)  
  52  4:20  Probe (Chrono Boost)  
  52  4:21  Adept  
  58  4:30  Mothership Core (Chrono Boost)  
  61  4:31  Probe (Chrono Boost)  
  61  4:34  Warp Prism  
  61  4:35  Pylon  
  61  4:44  Probe (Chrono Boost)  
  64  4:49  Probe (Chrono Boost)  
  65  4:54  Sentry x2  
  65  4:55  Sentry  
  65  4:58  Probe (Chrono Boost)  
  65  4:59  Pylon, Probe (Chrono Boost)  
  73  5:06  Nexus  
  73  5:09  Pylon  
  73  5:10  Observer  
  74  5:19  Probe (Chrono Boost)  
  74  5:20  Probe (Chrono Boost)  
  76  5:23  Sentry x2  
  76  5:24  Sentry  
  76  5:26  Immortal  
  82  5:29  Probe (Chrono Boost)  
  82  5:31  Pylon  
  82  5:32  Probe (Chrono Boost)  
  88  5:40  Probe (Chrono Boost)  
  90  5:44  Probe (Chrono Boost)  
  90  5:50  Probe (Chrono Boost)  
  90  5:54  Gateway  
  90  5:55  Gateway  
  90  5:56  Gateway, Probe (Chrono Boost)  
  92  6:00  Immortal  
  92  6:03  Probe (Chrono Boost)  
  93  6:08  Probe (Chrono Boost)  
  98  6:12  Forge  
  98  6:15  Robotics Facility  
  98  6:19  Probe x2 (Chrono Boost)  
  98  6:21  Probe (Chrono Boost)  
  101  6:27  Assimilator  
  101  6:29  Probe x2 (Chrono Boost)  
  101  6:31  Assimilator  
  101  6:32  Charge  
  104  6:33  Protoss Ground Weapons Level 1  
  104  6:34  Probe (Chrono Boost)  
  104  6:43  Immortal  
  104  6:46  Probe x2 (Chrono Boost)  
  106  6:53  Gateway  
  110  6:54  Gateway  
  110  6:56  Templar Archives  
  110  7:00  Zealot  
  112  7:03  Immortal  
  114  7:21  Pylon x2  
  114  7:26  Pylon  
  114  7:27  Pylon  
  114  7:34  Immortal  
  114  7:39  Nexus  
  114  7:41  Pylon  
  114  7:42  Pylon, Immortal  
  122  7:49  High Templar x4  
  122  7:50  Zealot x2  
  122  7:51  Psionic Storm  
  134  7:53  Archon x2  
  134  8:06  Zealot  
  134  8:07  Zealot  
  134  8:10  Zealot x2, Observer  
  140  8:17  Gateway  
  140  8:18  Gateway  
  133  8:20  Gateway  
  133  8:29  Zealot x3  
  133  8:31  Immortal  
  137  8:35  High Templar x3  
  137  8:36  Immortal  
  151  8:54  Pylon, Probe x2 (Chrono Boost)  
  151  8:55  Probe x2 (Chrono Boost)  
  155  8:56  Gateway  
  155  8:57  Zealot x3  
  155  8:58  Gateway  
  161  9:13  Assimilator x2  
  161  9:19  Zealot x4  
  161  9:20  Zealot x4  
  161  9:21  Blink  
  177  9:25  Photon Cannon  
  177  9:28  Photon Cannon  
  177  9:34  High Templar  
  179  9:44  High Templar x4  
  187  9:49  Stargate  
  187  9:50  Archon x2  
  187  9:52  Protoss Ground Weapons Level 2  
  187  10:08  Protoss Air Weapons Level 1  
  187  10:23  Immortal  
  185  10:29  Immortal  
  163  10:36  Zealot x9  
  167  10:52  Stargate  
  167  10:53  Stargate  
  167  10:54  Fleet Beacon  
  151  10:59  Zealot x3  
  151  11:00  Zealot x6  
  151  11:23  Stalker x6  
  151  11:24  Stalker x3  
  169  11:30  Carrier  
  169  11:34  Probe x2 (Chrono Boost)  
  169  11:35  Probe x2 (Chrono Boost)  
  169  11:39  Carrier  
  173  11:40  Nexus  
  173  11:42  Pylon  
  173  11:44  Protoss Air Weapons Level 2  
  179  11:48  Carrier  
  189  12:09  Graviton Catapult  
  189  12:10  Protoss Ground Weapons Level 3  
  189  12:17  Photon Cannon  
  189  12:18  Photon Cannon  
  185  12:29  Photon Cannon  
  185  12:31  Pylon  
  185  12:36  High Templar x4  
  193  12:44  Photon Cannon  
  193  12:45  Photon Cannon  
  193  12:46  Photon Cannon  
  189  13:13  Assimilator  
  189  13:15  Assimilator  
  189  13:20  High Templar x4, Stalker  
  189  13:24  Archon x2  
  199  13:30  Photon Cannon  
  199  13:36  Nexus, Pylon  
  199  14:04  Zealot x4  
  199  14:05  Zealot x2  
  187  14:10  Tempest  
  187  14:11  Tempest x2  
  187  14:13  Stalker  
  187  14:14  Stalker x6  
  199  14:21  Photon Cannon  
  199  14:23  Protoss Air Weapons Level 3, Photon Cannon  
  199  14:24  Photon Cannon  
  199  14:25  Photon Cannon  
  199  14:28  Photon Cannon  
  199  14:32  Assimilator  
  199  14:37  Assimilator  
  199  14:42  Photon Cannon  
  199  14:43  Pylon  
  199  14:47  Protoss Shields Level 1  
  199  14:51  Pylon  
  199  14:57  Gateway  
  199  14:58  Gateway  
  199  14:59  Gateway  
  199  15:02  Gateway  
  199  15:26  Tempest x2  
  197  15:48  Tempest  
  199  16:00  Dark Shrine  
  199  16:04  Warp Prism  
  199  16:06  Observer  
  195  17:57  Zealot x2  
  195  18:08  Void Ray x3  
  195  18:11  Warp Prism x2  
  179  18:18  Stargate  
  191  18:20  Stargate  
  191  18:21  Stargate  
  191  18:45  Void Ray x2  
  197  18:56  Protoss Air Armor Level 1  
  197  19:11  Protoss Shields Level 2  
  197  19:34  Dark Templar  
  199  19:52  Warp Prism  
  199  20:13  Oracle  
  198  20:28  Forge  
  198  20:34  Warp Prism  
  200  21:12  Void Ray x2  
  200  21:13  Void Ray  
  200  21:18  Void Ray x3  
  167  21:20  Immortal x2  
  167  21:22  Dark Templar x3  
  167  21:23  Dark Templar  
  141  21:36  Dark Templar  
  141  21:37  Zealot x8, Dark Templar  
  157  21:52  Dark Templar, Void Ray  
  157  21:53  Void Ray x2  
  155  22:00  Void Ray  
  155  22:01  Void Ray x2  
  171  22:04  High Templar x3  
  171  22:05  High Templar  
  171  22:06  High Templar x4  
  171  22:07  High Templar x2  
  199  22:10  Archon x2  
  199  22:11  Archon  
  181  22:27  Zealot x5, Warp Prism  
  181  22:29  Warp Prism  
  195  22:34  Nexus  
  195  22:38  Assimilator, Pylon  
  195  22:39  Assimilator  
  193  22:44  Zealot x3  
  199  22:55  Pylon  
  185  23:06  Archon  

Tags
 
Add a new tag
Caveats
  • Supply blocks, unpowered buildings, or Contaminate may cause inaccurate times.
  • Supply counts are checked every 10 seconds.